 Seeded DCSS version 0.31.0-12-g77e489cdc1 (webtiles) character file.

Game seed: 13385026439537408086 (custom seed)

124 CInkIbrahim the Poker (level 5, -1/41 HPs)
             Began as a Merfolk Fighter on Feb 29, 2024.
             Was an Initiate of Gozag.
             Slain by a gnoll
             ... wielding a +1 antimagic halberd
              (9 damage)
             ... on level 2 of the Dungeon.
             The game lasted 00:02:57 (1433 turns).

CInkIbrahim the Poker (Merfolk Fighter)             Turns: 1433, Time: 00:02:58

Health: -1/41      AC:  6    Str: 18    XL:     5   Next: 8%
Magic:  0/5        EV:  9    Int:  8    God:    Gozag
Gold:   141        SH:  4    Dex: 13    Spells: 4/4 levels left

rFire   . . .        a - +0 trident
rCold   . . .        c - +0 buckler
rNeg    . . .        b - +0 scale mail
rPois   .            (no helmet)
rElec   .            (no cloak)
rCorr   .            (no gloves)
SInv    .            (no boots)
Will    .....        (no amulet) Stlth
                     (no ring)
HPRegen 0.26/turn    (no ring)
MPRegen 0.09/turn

%: no passive effects
@: no status effects
A: (nimble swimmer 2), mertail
a: Renounce Religion, Potion Petition, Call Merchant, Bribe Branch


You were on level 2 of the Dungeon.
You worshipped Gozag.
Gozag was aware of your devotion.
You visited 1 branch of the dungeon, and saw 3 of its levels.

You collected 141 gold pieces.

Inventory:

Hand Weapons
 a - a +0 trident (weapon)
Missiles
 g - 4 curare-tipped darts (quivered)
 l - 4 atropa-tipped darts
Armour
 b - a +0 scale mail (worn)
 c - a +0 buckler (worn)
Talismans
 i - a maw talisman
 k - a flux talisman
Scrolls
 e - a scroll of identify {unknown}
 f - a scroll of teleportation {unknown}
 h - a scroll of fear {unknown}
 m - a scroll of blinking
 n - a scroll of noise {unknown}
 o - a scroll of enchant weapon {unknown}
Potions
 d - a potion of might
 j - a potion of heal wounds {unknown}
 p - a potion of lignification {unknown}


   Skills:
 - Level 3.2 Fighting
 + Level 6.8 Polearms
 - Level 2.1 Armour
 - Level 3.0 Shields


You had 4 spell levels left.
You didn't know any spells.
Your spell library contained the following spells:

 Spells                   Type           Power      Damage    Failure   Level
 Ensorcelled Hibernation  Hex/Ice        0%         N/A       95%         2
 Lesser Beckoning         Tloc           0%         N/A       95%         2
 Fugue of the Fallen      Necr           0%         N/A       99%         3
 Gell's Gravitas          Tloc           0%         N/A       99%         3
 Teleport Other           Tloc           0%         N/A       99%         3
 Anguish                  Hex/Necr       0%         N/A       100%        4


Dungeon Overview and Level Annotations

Branches:
Dungeon (3/15)

Altars:
Gozag

Shops:
D:1 [   D:2 (


Innate Abilities, Weirdness & Mutations

((You are very nimble when in or above water. (Stealth+, EV+, Speed+++)))
Your lower body shifts to a powerful aquatic tail in water.


Message History

You puncture the gnoll!
You kill the gnoll!
You have reached level 5!
You feel clever.
You start resting.
HP restored.
You start resting.
HP restored.
You climb downwards.
The gnoll hits you with a +1 antimagic halberd.
The gnoll barely misses you.
The orc wizard mumbles some strange words.
The orc wizard flickers and vanishes!
Deactivating autopickup; reactivate with Ctrl-A.
There is a stone staircase leading up here.
You block the gnoll's attack.
You climb upwards.
Reactivating autopickup.
There is a stone staircase leading down, spattered with blood here.
You closely miss the gnoll.
The gnoll hits you with a +1 antimagic halberd!
You feel your power leaking away.
You hit the gnoll but do no damage.
The gnoll hits you with a +1 antimagic halberd!
You are too injured to fight recklessly!
You hit the gnoll.
The gnoll is moderately wounded.
The gnoll closely misses you.
You barely miss the gnoll.
The gnoll is moderately wounded.
The gnoll barely misses you.
You hit the gnoll.
The gnoll is heavily wounded.
The gnoll hits you with a +1 antimagic halberd!
* * * LOW HITPOINT WARNING * * *
You barely miss the gnoll.
The gnoll is heavily wounded.
The gnoll hits you with a +1 antimagic halberd!
You die...
Your body crumbles into a pile of gold.

...##...#...#
#.........#.##
.#.####......#
..^..##.###..####
.######...##....#
.########.##....#
.......##.##.#..####
.......##.##.#...g.#
........#.##....@#.#
####.##.#.....####.#
#.##.#####.# #.#
#.##.......# #.#
#.#############.#
#.#####.#.......#
#.......#.#######
#######...# #####


You could see a gnoll.

Vanquished Creatures
  4 adders
  3 gnolls
  A ribbon worm (D:2)
  2 dart slugs
  7 ball pythons
  5 bats
  5 endoplasms
  2 giant cockroaches (D:2)
  2 hobgoblins
  3 jackals (D:1)
  2 quokkas (D:2)
  2 frilled lizards
  6 goblins
  5 kobolds
  4 rats
53 creatures vanquished.

Notes
Turn   | Place    | Note
-------+----------+-------------------------------------------
     0 | D:1      | CInkIbrahim the Merfolk Fighter began the quest for the
                  | Orb.
     0 | D:1      | Reached XP level 1. HP: 18/18 MP: 1/1
    18 | D:1      | Reached skill level 3 in Polearms
    40 | D:1      | Reached skill level 4 in Polearms
    40 | D:1      | Reached XP level 2. HP: 19/24 MP: 2/2
    66 | D:1      | Found Haqig's Armour Boutique.
   160 | D:1      | Reached XP level 3. HP: 29/29 MP: 3/3
   325 | D:1      | Reached skill level 5 in Polearms
   650 | D:2      | Reached XP level 4. HP: 18/35 MP: 4/4
   737 | D:2      | Found a faded altar of an unknown god.
   817 | D:2      | Prayed at the altar of an unknown god.
   817 | D:2      | Became a worshipper of Gozag Ym Sagoz the Greedy
   827 | D:2      | Noticed a +0 bardiche
   833 | D:2      | Found Buacsamate's Weapon Emporium.
   835 | D:2      | Noticed a +0 great mace
   881 | D:2      | Reached skill level 6 in Polearms
  1329 | D:2      | Reached XP level 5. HP: 16/41 MP: 5/5
  1433 | D:2      | Slain by a gnoll

Illustrated notes

Levels and vault maps discovered:
D:1:      tarquinn_simple_flora_water_e, layout_rooms, serial_shops,
          nicolae_shop_tiny_statue_garden
D:2:      layout_basic, serial_shops, nicolae_shop_mannequins,
          nicolae_ecumenical_snake_handling
D:3:      layout_basic

Skill      XL: |  1  2  3  4 |
---------------+-------------+-----
Polearms       | 4 5 6 |  6.8
Fighting       | |  3.2
Armour         | |  2.1
Shields        | |  3.0

Action                     |  1- 3 |  4- 6 || total
---------------------------+-------+-------++-------
  Melee: Trident           |   111 |    80 ||   191
    Use: Scroll            |       |     1 ||     1
 Armour: Scale mail        |    54 |    42 ||    96
  Dodge: Dodged            |    35 |    26 ||    61
  Block: Buckler           |    23 |     9 ||    32
